 Dungeon Crawl Stone Soup version 0.26-a0-639-g72c4674329 (webtiles) character file.

Game seed: 15456930197235324446

(classic levelgen) 206916 EnegeticOcto the Severer (level 17, -4/159 HPs)
             Began as a Deep Dwarf Fighter on Sept 23, 2020.
             Was the Champion of Makhleb.
             Succumbed to a green very ugly thing's poison
             ... on level 3 of the Depths.
             The game lasted 00:16:01 (16255 turns).

EnegeticOcto the Severer (Deep Dwarf Fighter)      Turns: 16255, Time: 00:16:01

Health: -4/159     AC: 32    Str: 25    XL:     17   Next: 59%
Magic:  3/3        EV:  9    Int: 11    God:    Makhleb [******]
Gold:   34         SH: 21    Dex: 12    Spells: 16/16 levels left

rFire    . . .     SeeInvis .   a - +4 broad axe (freeze)
rCold    + . .     Faith    .   N - +2 kite shield
rNeg     + . .     Spirit   .   b - +5 chain mail of a volcano {Rampage}
rPois    .         Reflect  +   z - +2 helmet
rElec    .         Harm     .   (no cloak)
rCorr    .         Rampage  +   m - +2 pair of gloves
MR       ++...                  E - +2 pair of boots {run}
Stlth    ..........             k - amulet of reflection
HPRegen  0.00/turn              s - +4 ring of protection
MPRegen  0.08/turn              R - ring of protection from cold

@: lethally poisoned (-4 -> -216), flayed, non-regenerating, quick
A: damage resistance, heal wounds, negative energy resistance 1, sense
surroundings 2, no regeneration
}: 2/15 runes: barnacled, gossamer
a: Heal Wounds, Minor Destruction, Lesser Servant of Makhleb, Major Destruction,
Greater Servant of Makhleb, Renounce Religion


You were on level 3 of the Depths.
You worshipped Makhleb.
Makhleb was exalted by your worship.
You visited 7 branches of the dungeon, and saw 33 of its levels.
You also visited: Ossuary, Bailey and Gauntlet.

You collected 2455 gold pieces.
You spent 2421 gold pieces at shops.

Inventory:

Hand Weapons
 a - a +4 broad axe of freezing (weapon)
Missiles
 H - 2 throwing nets (quivered)
Armour
 b - the +5 chain mail of a volcano (worn) {Rampage}
   (You bought it in a shop on level 2 of the Orcish Mines)

   It bestows one free step when moving towards enemies.
 m - a +2 pair of gloves (worn)
 z - a +2 helmet (worn)
 E - a +2 pair of boots of running (worn)
 N - a +2 kite shield (worn)
Jewellery
 j - an uncursed ring of protection from fire
 k - an amulet of reflection (around neck)
 s - a +4 ring of protection (left hand)
 C - an uncursed ring of poison resistance
 Q - the ring of Domnan {rElec MP+9 Int+6 SInv}
   (You bought it in a shop on level 9 of the Dungeon)

   [ring of see invisible]

   It affects your intelligence (+6).
   It insulates you from electricity.
   It affects your magic capacity (+9).
   It lets you see invisible.
 R - a ring of protection from cold (right hand)
 S - an uncursed ring of protection from fire
 T - an uncursed ring of protection from cold
Wands
 f - a wand of iceblast (28) {@v2}
 n - a wand of enslavement (10)
 p - a wand of polymorph (9)
 t - a wand of paralysis (4)
 y - a wand of digging (9) {@v3}
 A - a wand of acid (17) {@v1}
Scrolls
 e - 8 scrolls of teleportation {@r3}
 h - 8 scrolls of remove curse {@r2}
 i - 2 scrolls of blinking
 l - a scroll of silence
 r - 3 scrolls of fog
 w - 2 scrolls of fear
 D - 2 scrolls of magic mapping {@r5}
 K - 12 scrolls of identify {@r1}
 M - a scroll of brand weapon
 U - a scroll of immolation {@r4}
Potions
 d - 3 potions of might {@q3}
 g - 6 potions of curing {@q1}
 o - 4 potions of lignification {@q7}
 q - 4 potions of heal wounds {@q2}
 u - a potion of magic
 v - a potion of flight
 x - 3 potions of mutation
 B - 4 potions of ambrosia
 G - 3 potions of haste {@q4}
 I - 2 potions of cancellation
 J - a potion of berserk rage
 L - 2 potions of stabbing {@q5}
 P - a potion of resistance {@q6}
Miscellaneous
 c - a tin of tremorstones (3/3)
 F - a phantom mirror
 O - a box of beasts (3/3)


   Skills:
 * Level 11.8 Fighting
 - Level 18.3 Axes
 + Level 13.5 Armour
 + Level 2.5 Dodging
 + Level 13.6 Shields
 + Level 14.6 Invocations
 - Level 10.0 Evocations


You had 16 spell levels left.
You didn't know any spells.
Your spell library was empty.

Dungeon Overview and Level Annotations

Branches:
Dungeon (15/15)            Temple (1/1) D:5            Lair (4/6) D:8
 Shoals (4/4) Lair:3       Spider (4/4) Lair:4          Orc (2/2) D:11
    Elf (0/3) Orc:2        Vaults (0/5) D:13         Depths (3/5) D:15
Ossuary (visited)          Bailey (visited)         Gauntlet (visited)

Altars:
Cheibriados
Dithmenos
Elyvilon
Gozag
Hepliaklqana
Kikubaaqudgha
Makhleb
Nemelex Xobeh
Okawaru
Qazlal
Ru
Sif Muna
Trog
Uskayaw
Vehumet
Wu Jian
Yredelemnul
Zin
The Shining One
Beogh

Shops:
D:9 =   D:14 ?==(:   D:15 *   Orc:2 [=*(   Shoals:4 !

Annotations:
D:10 4 runed translucent doors
D:15 1 runed translucent door
Orc:2 exclusion: door


Innate Abilities, Weirdness & Mutations

You are resistant to damage.
You can heal yourself by infusing magical energy.
You resist negative energy. (rN+)
You passively map the area around you.
You do not regenerate.


Message History

You block the fire giant's attack.
The green very ugly thing tail-slaps you!
You slash the white ugly thing! You freeze the white ugly thing.
The white ugly thing is moderately wounded.
You hit the white ugly thing. You freeze the white ugly thing.
You slash the white very ugly thing! You hit the green very ugly thing.
You freeze the green very ugly thing. You hit the fire giant.
You freeze the fire giant.
You completely miss the green very ugly thing.
You feel extremely sick.
The flayed ghost cries, "Feel what I felt!"
Terrible wounds open up all over your body!
You block the white ugly thing's attack.
The white ugly thing basks in the mutagenic energy from its kin and changes!
The green very ugly thing engulfs you but does no damage.
The white ugly thing basks in the mutagenic energy from its kin and changes!
You block the white very ugly thing's attack.
The fire giant hits you with a +0 great sword of flaming!
The fire giant burns you!
You are too injured to fight recklessly!
You are too injured to fight recklessly!
You are too injured to fight recklessly!
You are too injured to fight recklessly!
You are too injured to fight recklessly!
You are too injured to fight recklessly!
You are too injured to fight recklessly!
You are too injured to fight recklessly!
You are too injured to fight recklessly!
You are too injured to fight recklessly!
You are too injured to fight recklessly!
You are too injured to fight recklessly!
You are too injured to fight recklessly!
You are too injured to fight recklessly!
You are too injured to fight recklessly!
You are too injured to fight recklessly!
You are too injured to fight recklessly!
You are too injured to fight recklessly!
You are too injured to fight recklessly!
You are too injured to fight recklessly!
You are too injured to fight recklessly!
You are too injured to fight recklessly!
You are too injured to fight recklessly!
You feel much better.
You feel extremely sick.
The green very ugly thing tail-slaps you but does no damage.
You block the white ugly thing's attack.
The green very ugly thing engulfs you but does no damage.
You block the white ugly thing's attack.
The white very ugly thing tail-slaps you!
The white very ugly thing freezes you! You resist.
* * * LOW HITPOINT WARNING * * *
You feel much better.
You feel extremely sick.
The green very ugly thing tail-slaps you.
You are more poisoned.
The green very ugly thing poisons you!
The fire giant hits you with a +0 great sword of flaming!!
* * * LOW HITPOINT WARNING * * *
The fire giant burns you!
* * * LOW HITPOINT WARNING * * *
You block the white ugly thing's attack.
The green very ugly thing basks in the mutagenic energy from its kin and changes!
The white ugly thing basks in the mutagenic energy from its kin and changes!
The white very ugly thing tail-slaps you but does no damage.
The green ugly thing pecks you but does no damage.
As you read the scroll of fear, it crumbles to dust.
You assume a fearsome visage.
The flayed ghost is unaffected.
The cyan very ugly thing easily resists.
The cyan ugly thing looks frightened!
The green very ugly thing looks frightened!
The white very ugly thing looks frightened!
The white ugly thing looks frightened! x2
The purple ugly thing looks frightened!
The brown ugly thing looks frightened!
The green ugly thing looks frightened!
The fire giant looks frightened!
* * * LOW HITPOINT WARNING * * *
You feel extremely sick.
Your magical essence is drained by the effort!
You feel much better.
* * * LOW HITPOINT WARNING * * *
You feel extremely sick.
You block the cyan very ugly thing's attack.
You miss the flayed ghost.
Your chain mail of a volcano prevents you from hitting the cyan very ugly thing.
* * * LOW HITPOINT WARNING * * *
You feel extremely sick.
The flayed ghost cries, "Feel what I felt!"
You feel much better.
* * * LOW HITPOINT WARNING * * *
You feel extremely sick.
The white very ugly thing seems to regain its courage.
The cyan very ugly thing kicks you!
* * * LOW HITPOINT WARNING * * *
The cyan very ugly thing shocks you!!
* * * LOW HITPOINT WARNING * * *
You block the flayed ghost's attack.
You slice the flayed ghost!! You freeze the flayed ghost!
The flayed ghost is severely damaged.
You slash the cyan very ugly thing! You freeze the cyan very ugly thing.
You slice the white very ugly thing!! You freeze the white very ugly thing.
You die...

, ,, * , .....####..# *
...........#
*.....u..u..#
..........# * ..u.....#
* #......# ***
#....u.##### *
#..W@....Cu.
############...u.......
* *
#..).......u...........
,
#......................
,
#..<........######.....
#.........u.# .....
#...........# ..u.
#...........# ,(...
#...........# ,


You could see 3 very ugly things, a fire giant (fleeing), 6 ugly things and a
flayed ghost.

Vanquished Creatures
  An orc warlord (Orc:2)
  A fire giant (Depths:3)
  Aizul (Spider:4)
  A frost giant (Depths:1)
  3 ghost moths
  2 emperor scorpions (Spider:4)
  A stone giant (Depths:1)
  3 entropy weavers
  3 spark wasps (Spider:4)
  A merfolk javelineer (Shoals:4)
  3 merfolk impalers (Shoals:4)
  A yaktaur captain (D:15)
  An ice dragon (Spider:3)
  4 hydras
  3 merfolk avatars (Shoals:4)
  An alligator snapping turtle (Shoals:4)
  A death knight (D:13)
  5 centaur warriors
  6 merfolk aquamancers (Shoals:4)
  A queen ant (Lair:2)
  7 two-headed ogres
  An ogre mage (D:13)
  A tengu warrior (D:15)
  An orc high priest (Orc:2)
  A skeletal warrior (D:13)
  An unseen horror (D:15)
  4 sea snakes
  A wizard (D:14)
  14 orb spiders
  3 orc knights (Orc:2)
  7 ugly things
  9 harpies
  3 manticores (Shoals:4)
  3 orc sorcerers (Orc:2)
  A deep elf mage (D:13)
  21 wolf spiders
  5 cyclopes
  A moth of wrath (Spider:2)
  An elephant (D:8)
  10 merfolk sirens
  4 water nymphs
  4 black mambas
  Psyche (D:12)
  2 gargoyles
  2 cane toads
  2 komodo dragons
  5 yaktaurs
  A rime drake (shapeshifter) (D:13)
  An ice devil (Gauntlet)
  A rime drake (Lair:3)
  9 demonic crawlers
  A freezing wraith (D:14)
  28 jumping spiders
  A queen bee (shapeshifter) (D:13)
  6 trolls
  3 meliai (Gauntlet)
  4 wind drakes
  8 merfolk
  Prince Ribbit (D:6)
  Grinder (D:4)
  A raiju (Gauntlet)
  3 blink frogs (Lair:2)
  6 hornets
  4 dream sheep (Shoals:2)
  7 snapping turtles
  6 hippogriffs
  A spriggan (shapeshifter) (D:13)
  20 tarantellas
  9 yaks
  41 redbacks
  4 wyverns
  A wraith (D:11)
  2 steam dragons
  3 basilisks
  3 water elementals
  2 vampire mosquitoes (D:15)
  3 wargs
  8 water moccasins
  21 soldier ants
  Duvessa (D:7)
  5 porcupines
  A black bear (D:9)
  29 orc warriors
  An eye of draining (D:10)
  4 ice beasts
  2 sky beasts
  14 ogres
  A phantom (D:5)
  11 wolves
  26 centaurs
  4 crocodiles
  2 big kobolds
  An elf zombie (Ossuary)
  16 bullfrogs
  Dowan (D:7)
  7 scorpions
  4 killer bees (D:9)
  8 howler monkeys
  4 wights (D:15)
  2 electric eels
  6 centaur zombies
  2 quasits
  16 orc priests
  7 hounds
  6 jellies
  7 centaur skeletons
  20 orc wizards
  3 bullfrog skeletons
  3 iguanas
  23 worker ants
  2 killer bee zombies
  A big kobold zombie (Ossuary)
  4 hound skeletons
  3 mummies (Ossuary)
  3 howler monkey skeletons
  16 adders
  17 gnolls
  2 shadow imps
  2 white imps (Gauntlet)
  2 oozes (D:2)
  3 ufetubi
  4 adder zombies
  A dart slug (D:2)
  2 leopard geckos
  68 orcs
  2 giant cockroaches
  3 goblins (D:2)
  5 hobgoblins
  6 jackals (D:6)
  7 kobolds
  2 quokkas
  3 ball pythons
  A bat (D:2)
  A frilled lizard (D:1)
  4 goblin zombies (Ossuary)
  2 hobgoblin zombies (Ossuary)
  2 kobold zombies (Ossuary)
  A leopard gecko skeleton (D:4)
  A quokka skeleton (D:7)
  4 quokka zombies (Ossuary)
  A rat (D:1)
  A rat zombie (Ossuary)
  A fire vortex (D:13)
782 creatures vanquished.

Vanquished Creatures (collateral kills)
  Arachne (Spider:4)
  A minotaur (Gauntlet)
  A satyr (Shoals:4)
  A manticore (Shoals:4)
  2 demonic crawlers (Spider:4)
  3 jumping spiders
  A blink frog (Lair:2)
  A hornet (Spider:4)
  2 redbacks (Spider:4)
  An orc warrior (Orc:2)
  2 crocodiles
  A bullfrog (Lair:4)
17 creatures vanquished.

Vanquished Creatures (others)
  A jumping spider (Spider:2)
  A tarantella (Spider:4)
  An orc warrior (Orc:2)
  6 fungi
  10 plants
19 creatures vanquished.

Grand Total: 818 creatures vanquished

Notes
Turn   | Place    | Note
-------+----------+-------------------------------------------
     0 | D:1      | EnegeticOcto the Deep Dwarf Fighter began the quest for the
                  | Orb.
     0 | D:1      | Reached XP level 1. HP: 20/20 MP: 1/1
   121 | D:2      | Found a sparkling altar of Nemelex Xobeh.
   141 | D:2      | Reached XP level 2. HP: 27/27 MP: 2/2
   236 | D:2      | Found a white marble altar of Elyvilon.
   250 | D:2      | Reached skill level 3 in Axes
   250 | D:2      | Reached XP level 3. HP: 31/33 MP: 3/3
   269 | D:3      | Found an iron altar of Okawaru.
   438 | D:3      | Reached XP level 4. HP: 21/42 MP: 4/4
   466 | D:4      | Noticed Grinder
   483 | D:4      | Paralysed by Grinder for 5 turns
   491 | D:4      | Killed Grinder
   491 | D:4      | Reached skill level 4 in Axes
   491 | D:4      | Reached XP level 5. HP: 49/49 MP: 4/4
   491 | D:4      | Reached XP level 6. HP: 56/56 MP: 5/5
   516 | D:4      | Reached skill level 5 in Axes
   697 | D:4      | Reached XP level 7. HP: 31/64 MP: 6/6
   741 | D:4      | Reached skill level 5 in Armour
   741 | D:4      | Reached skill level 5 in Shields
  1197 | D:5      | Entered Level 5 of the Dungeon
  1230 | D:5      | Reached skill level 6 in Axes
  1355 | D:5      | Found a staircase to the Ecumenical Temple.
  1398 | Temple   | Entered the Ecumenical Temple
  1415 | Temple   | Became a worshipper of Makhleb the Destroyer
  1438 | D:5      | Reached skill level 1 in Invocations
  1848 | D:6      | Reached XP level 8. HP: 51/73 MP: 6/6
  1909 | D:6      | Found a shadowy altar of Dithmenos.
  1914 | D:6      | Noticed Prince Ribbit
  1919 | D:6      | Reached skill level 7 in Axes
  1952 | D:6      | Killed Prince Ribbit
  2000 | D:6      | Reached skill level 5 in Fighting
  2067 | D:6      | Reached * piety under Makhleb
  2112 | D:6      | Reached skill level 8 in Axes
  2217 | D:7      | Gained mutation: You passively map the area around you.
                  | [Deep Dwarf growth]
  2217 | D:7      | Reached XP level 9. HP: 45/81 MP: 7/7
  2241 | D:7      | Found a sand-covered staircase.
  2246 | Ossuary  | Entered an ossuary
  2421 | D:7      | Noticed Dowan
  2424 | D:7      | Noticed Duvessa
  2434 | D:7      | Reached ** piety under Makhleb
  2443 | D:7      | Killed Dowan
  2462 | D:7      | Killed Duvessa
  2815 | D:8      | Reached skill level 9 in Axes
  2904 | D:8      | Found a glowing silver altar of Zin.
  2929 | D:8      | Noticed a two-headed ogre
  2946 | D:8      | Killed a two-headed ogre
  2946 | D:8      | Reached skill level 5 in Invocations
  2987 | D:8      | Noticed an elephant
  3009 | D:8      | Killed an elephant
  3009 | D:8      | Reached XP level 10. HP: 69/91 MP: 6/6
  3016 | D:8      | Found a staircase to the Lair.
  3018 | D:8      | Reached skill level 10 in Axes
  3189 | D:8      | Found an opulent altar of Gozag.
  3422 | D:8      | Reached *** piety under Makhleb
  3504 | D:9      | Found an ornate altar of the Wu Jian Council.
  3555 | D:9      | Found Neymafic's Jewellery Shoppe.
  3849 | D:9      | Found a stormy altar of Qazlal.
  3996 | D:10     | Entered Level 10 of the Dungeon
  4029 | D:10     | Noticed a centaur warrior
  4046 | D:10     | Killed a centaur warrior
  4046 | D:10     | Reached skill level 11 in Axes
  4048 | D:10     | Reached **** piety under Makhleb
  4074 | D:10     | Reached XP level 11. HP: 69/100 MP: 0/7
  4165 | D:10     | Found a runed translucent gate.
  4165 | D:10     | Found a runed translucent gate.
  4165 | D:10     | Found a runed translucent gate.
  4166 | D:10     | Noticed a cyan ugly thing
  4166 | D:10     | Noticed a green ugly thing
  4166 | D:10     | Noticed a green ugly thing
  4167 | D:10     | Noticed a purple ugly thing
  4168 | D:10     | Noticed a green very ugly thing
  4168 | D:10     | Noticed a green ugly thing
  4706 | D:10     | Found a runed translucent door.
  4706 | D:10     | Noticed a fire crab
  4783 | D:11     | Found a staircase to the Orcish Mines.
  5041 | D:11     | Noticed a two-headed ogre
  5055 | D:11     | Killed a two-headed ogre
  5077 | D:11     | Noticed a two-headed ogre
  5091 | D:11     | Killed a two-headed ogre
  5287 | D:11     | Identified a +1 pair of boots of running (You found it on
                  | level 11 of the Dungeon)
  5520 | D:12     | Noticed a cyan ugly thing
  5543 | D:12     | Killed a cyan ugly thing
  5543 | D:12     | Reached skill level 12 in Axes
  5556 | D:12     | Noticed a red ugly thing
  5572 | D:12     | Killed a red ugly thing
  5782 | D:12     | Noticed Psyche
  5791 | D:12     | Killed Psyche
  5896 | Orc:1    | Entered Level 1 of the Orcish Mines
  5986 | Orc:2    | Entered Level 2 of the Orcish Mines
  6041 | Orc:2    | Reached ***** piety under Makhleb
  6262 | Orc:2    | Found a shimmering blue altar of Sif Muna.
  6270 | Orc:2    | Reached skill level 1 in Evocations
  6321 | Orc:2    | Found a roughly hewn altar of Beogh.
  6386 | Orc:2    | Noticed an orc sorcerer
  6392 | Orc:2    | Noticed a sun demon
  6394 | Orc:2    | Killed an orc sorcerer
  6399 | Orc:2    | Reached XP level 12. HP: 80/110 MP: 6/6
  6412 | Orc:2    | Noticed an orc warlord
  6439 | Orc:2    | Killed an orc warlord
  6441 | Orc:2    | Found a roughly hewn altar of Beogh.
  6441 | Orc:2    | Noticed an orc high priest
  6457 | Orc:2    | Killed an orc high priest
  6457 | Orc:2    | Reached skill level 13 in Axes
  6457 | Orc:2    | Reached skill level 10 in Shields
  6479 | Orc:2    | Reached skill level 10 in Armour
  6501 | Orc:2    | Found Atemitw Lohu's Jewellery Shop.
  6530 | Orc:2    | Found Kumuyn's Antique Armour Shop.
  6603 | Orc:2    | Found Omoaprel's Antique Weapon Shop.
  6661 | Orc:2    | Found a staircase to the Elven Halls.
  6727 | Orc:2    | Found Pawefath's General Store.
  6862 | Orc:2    | Bought a faintly humming chain mail for 370 gold pieces
  6862 | Orc:2    | Bought a pair of gloves for 175 gold pieces
  6877 | Orc:2    | Identified the +5 chain mail of a volcano {Rampage} (You
                  | bought it in a shop on level 2 of the Orcish Mines)
  6895 | Orc:2    | Bought a +4 ring of protection for 504 gold pieces
  7033 | Lair:1   | Entered Level 1 of the Lair of Beasts
  7397 | Lair:2   | Reached skill level 10 in Invocations
  7418 | Lair:2   | Noticed a queen ant
  7438 | Lair:2   | Killed a queen ant
  7545 | Lair:2   | Reached skill level 5 in Evocations
  7678 | Lair:2   | Noticed a four-headed hydra
  7702 | Lair:2   | Killed a 14-headed hydra
  8095 | Lair:2   | Reached XP level 13. HP: 120/120 MP: 3/3
  8284 | Lair:3   | Reached ****** piety under Makhleb
  8498 | Lair:3   | Found a gate leading to a gauntlet.
  8511 | Gauntlet | Entered a Gauntlet
  8511 | Gauntlet | Found a transporter.
  8511 | Gauntlet | Found a transporter.
  8539 | Gauntlet | Reached skill level 14 in Axes
  8541 | Gauntlet | Found a transporter.
  8543 | Gauntlet | Found a transporter.
  8564 | Gauntlet | Found a transporter.
  8589 | Gauntlet | Found a transporter.
  8597 | Gauntlet | Identified the ring "Fasatwi" {Int+7 SInv}
  8598 | Gauntlet | Got a warped lead ring
  8621 | Gauntlet | Found a transporter.
  8647 | Gauntlet | Identified the ring "Bavevyupn" {Wiz Stlth+} (You found it
                  | in a Gauntlet)
  8649 | Gauntlet | Found a transporter.
  8656 | Gauntlet | Noticed a minotaur
  8670 | Gauntlet | Killed a minotaur
  8734 | Lair:3   | Found a staircase to the Shoals.
  9557 | Lair:4   | Found a hole to the Spider Nest.
 10190 | Spider:1 | Entered Level 1 of the Spider Nest
 10403 | Spider:2 | Gained mutation: You resist negative energy. (rN+) [Deep
                  | Dwarf growth]
 10403 | Spider:2 | Reached XP level 14. HP: 129/129 MP: 4/4
 10427 | Spider:2 | Reached skill level 15 in Axes
 10637 | Spider:2 | Noticed an entropy weaver
 10668 | Spider:2 | Killed an entropy weaver
 10908 | Spider:3 | Killed a ghost moth
 11033 | Spider:3 | Reached skill level 10 in Fighting
 11351 | Spider:3 | Found a frozen archway.
 11429 | Spider:3 | Noticed an entropy weaver
 11446 | Spider:3 | Killed an entropy weaver
 11470 | Spider:4 | Entered Level 4 of the Spider Nest
 11536 | Spider:4 | Noticed an entropy weaver
 11549 | Spider:4 | Noticed Arachne
 11568 | Spider:4 | Killed an entropy weaver
 11589 | Spider:4 | Killed Arachne
 11652 | Spider:4 | Reached skill level 16 in Axes
 11658 | Spider:4 | Reached XP level 15. HP: 139/139 MP: 0/3
 11694 | Spider:4 | Killed a ghost moth
 11736 | Spider:4 | Reached skill level 10 in Evocations
 11756 | Spider:4 | Noticed Aizul
 11765 | Spider:4 | Killed Aizul
 11789 | Spider:4 | Got a gossamer rune of Zot
 11801 | Spider:4 | Killed a ghost moth
 12145 | Shoals:1 | Entered Level 1 of the Shoals
 12426 | Shoals:4 | Entered Level 4 of the Shoals
 12658 | Shoals:4 | Found Inaj's Distillery.
 12666 | Shoals:4 | Bought a potion of resistance for 200 gold pieces
 12666 | Shoals:4 | Bought a potion of cancellation for 160 gold pieces
 12890 | Shoals:4 | Found the +9 sword of Zonguldrok {reap}
 12910 | Shoals:4 | Reached skill level 17 in Axes
 12992 | Shoals:4 | Got a heavily runed jade ring
 12996 | Shoals:4 | Identified the +6 short sword of the Saviour {distort, +Fly
                  | rPois rN+ Stlth-}
 13058 | Shoals:4 | Reached XP level 16. HP: 150/150 MP: 3/3
 13063 | Shoals:4 | Got a barnacled rune of Zot
 13538 | D:13     | Found a gate to the Vaults.
 13964 | D:13     | Identified the ring "Yjuserpho" {MR+ Str+2} (You found it
                  | on level 4 of the Shoals)
 13977 | D:14     | Found a flagged portal.
 13989 | Bailey   | Entered a bailey
 14267 | Bailey   | Reached skill level 18 in Axes
 14267 | Bailey   | Reached XP level 17. HP: 131/157 MP: 4/4
 14466 | D:14     | Reached skill level 1 in Dodging
 14520 | D:14     | Found Joneh's Book Shoppe.
 14549 | D:14     | Found Woidghef's Jewellery Boutique.
 14565 | D:14     | Found Ylemmid's Weapon Shoppe.
 14643 | D:14     | Found Roces's Jewellery Shoppe.
 14709 | D:14     | Found Junn's Magic Scroll Shoppe.
 14717 | D:14     | Bought a scroll of blinking for 105 gold pieces
 14953 | D:15     | Entered Level 15 of the Dungeon
 15025 | D:15     | Found a runed translucent door.
 15263 | D:15     | Found a staircase to the Depths.
 15391 | D:15     | Found Utatilih's Assorted Antiques.
 15922 | D:9      | Bought the ring of Domnan {rElec MP+9 Int+6 SInv} for 907
                  | gold pieces
 16163 | Depths:1 | Entered Level 1 of the Depths
 16254 | Depths:3 | HP: 3/159 [cyan very ugly thing (19)]
 16255 | Depths:3 | Succumbed to a green very ugly thing's poison

Illustrated notes

Levels and vault maps discovered:
D:1:      nzn_arrival_water_spiral, layout_loops_ring, serial_park_tiny_1
D:2:      layout_basic, elyvilon_altar_5, nemelex_xobeh_ov_fountains_minmay,
          uniq_crazy_yiuf_cottage, uniq_sigmund, uniq_robin
D:3:      layout_loops_ring, lemuel_doored_altar, old_standard_altar,
          serial_park_tiny_2, chequers_serial_rivers_micro_c
D:4:      layout_basic, uniq_grinder
D:5:      layout_cave_pools, temple_green, roderic_serpentine_path,
          minmay_misc_feat_room, kennysheep_generic_room_10
D:6:      layout_basic, nicolae_dithmenos_the_darkroom, uniq_prince_ribbit1
D:7:      layout_gridville, enter_ossuary_2, uniq_duvessa
D:8:      layout_loops_ring, lemuel_crystal_altar, david_lair_generic,
          grunt_gozag_statues
D:9:      layout_cave_pools, nicolae_overflow_hidden_temple,
          lemuel_crystal_altar, serial_shops, shop,
          minmay_mirror_moons_of_madness
D:10:     gammafunk_mikee_crab_dinner, layout_long_grid,
          ploomutoo_gammafunk_ghost_potion_laboratory
D:11:     layout_roguey, orc_0_dummy, kennysheep_opposing_triangles
D:12:     layout_roguey, serial_shops, shop, uniq_psyche
D:13:     layout_irregular_city, hangedman_vaults_entry_quadrant_bands,
          minmay_misc_feat_rows, kennysheep_path_1
D:14:     layout_roguey, minmay_misc_feat_x, enter_bailey_6, serial_shops, shop,
          shop, shop, shop_fountains, shop
D:15:     grunt_enter_depths_snipers, layout_irregular_city, serial_shops, shop,
          minmay_stone_trees_medium, minmay_st_funbox, dk_noncrumbling_2
Temple:   cyrus_circular_temple
Lair:1:   layout_layer_cave, st_stairs_8, minivault_24
Lair:2:   layout_roguey, minivault_29, grunt_megastairs_3
Lair:3:   layout_long_grid, elwin_shoals_entry_rooms, gauntlet_entry_generic
Lair:4:   layout_hall_layers, dummy_spider_entry, infiniplex_staircase_pool,
          lemuel_fruit_fields
Shoals:1: layout_shoals
Shoals:2: layout_shoals, gammafunk_ghost_grave
Shoals:3: layout_shoals, serial_shops, nicolae_shop_behind_doors
Shoals:4: shoals_end_simple, layout_shoals, serial_shops, shop_fountains
Spider:1: nicolae_spider_mines_1, ebering_ghost_reflecting_pool,
          guppyfry_spider_mini_2
Spider:2: layout_chambers, hangedman_spider_mandibles
Spider:3: layout_spider_delve, portal_ice_cave_entry_dragon, hive_lemuel
Spider:4: grunt_spider_rune_island, uniq_aizul, uniq_arachne
Orc:1:    layout_caves, nicolae_orc_rockfall, hangedman_minor_magic
Orc:2:    grunt_orc_cross, layout_caves, basic_altar, led_sif_book
Depths:1: layout_cave_pools, gammafunk_ghost_icy, serial_rivers,
          chequers_serial_rivers_small_3, chequers_serial_rivers_micro_d,
          chequers_serial_rivers_micro_a, chequers_serial_rivers_marsh,
          abyss_entry, pf_hell_entry_great_geh, rand_demon_pan_entry_8,
          chequers_serial_rivers_marsh, hangedman_abyss_or_decor_stabs,
          hangedman_decor_riveting, minivault_12
Depths:2: box_level_dp, hell_entry
Depths:3: kennysheep_blocky_hall, layout_gridville, enter_ziggurat_d,
          grunt_pan_entry_in_and_out, hell_entry, chequers_serial_rivers_room_a

Skill      XL: |  1  2  3  4  5  6  7  8  9 10 11 12 13 14 15 16 17 |
---------------+----------------------------------------------------+-----
Axes           | 3 4 5 6 8 9 11 12 13 14 16 17 18 | 18.3
Fighting       | 3 4 5 6 7 8 9 10 11 | 11.8
Armour         | 4 5 6 7 8 9 10 11 12 13 | 13.5
Shields        | 4 5 6 7 8 9 10 11 12 13 | 13.6
Invocations    | 1 3 5 7 9 10 11 12 13 14 | 14.6
Evocations     | 1 5 7 9 10 | 10.0
Dodging        | 2 |  2.5

Action                   |  1- 3 |  4- 6 |  7- 9 | 10-12 | 13-15 | 16-18 || total
-------------------------+-------+-------+-------+-------+-------+-------++-------
Melee: War axe           |    49 |    57 |    47 |       |       |       ||   153
       Broad axe         |       |       |   328 |   848 |  1108 |   423 ||  2707
Invok: Lesser Servant of |       |       |       |     4 |     9 |       ||    13
       Greater Servant o |       |       |       |       |     4 |       ||     4
 Abil: Heal Wounds       |     1 |     6 |    24 |    24 |    30 |     5 ||    90
Evoke: Wand              |       |       |       |    10 |     6 |       ||    16
       Tin of tremorston |       |       |       |       |     1 |     1 ||     2
       Phantom mirror    |       |       |       |       |     1 |       ||     1
  Use: Scroll            |       |       |     1 |    24 |     7 |     6 ||    38
       Potion            |       |       |       |     2 |     8 |     3 ||    13
 Stab: Invisible         |       |       |       |    11 |       |       ||    11
       Distracted        |       |       |       |     2 |       |       ||     2
       Held in net/web   |       |       |       |       |     1 |       ||     1
Armor: Scale mail        |    29 |    44 |    27 |       |       |       ||   100
       Plate armour      |       |       |   126 |   294 |       |       ||   420
       Chain mail        |       |       |       |   151 |  1179 |   144 ||  1474
Dodge: Dodged            |    18 |    31 |    90 |   165 |   402 |    62 ||   768
Block: Kite shield       |    50 |    39 |   367 |   807 |  1357 |   291 ||  2911
       Reflection        |       |       |     8 |    50 |    17 |    35 ||   110

Table legend: (Time is in decaauts)
 A = Elapsed time spent in this place.
 B = Non-inter-level travel time spent in this place.
 C = Inter-level travel time spent in this place.
 D = Time resting spent in this place.
 E = Time spent auto-exploring this place.
 F = Levels seen in this place.
 G = Mean time per level.
                   A        B        C        D        E       F      G
               +--------+--------+--------+--------+--------+-----+--------+
         Total |  15439 |  13713 |   1726 |    122 |   8940 |  36 |  428.9 |
       Dungeon |   8206 |   7149 |   1057 |      0 |   5129 |  15 |  547.1 |
        Temple |     25 |     18 |      7 |      0 |      5 |   1 |   25.0 |
          Lair |   2899 |   2625 |    274 |      0 |   2098 |   4 |  724.8 |
        Shoals |    923 |    800 |    123 |      0 |    376 |   4 |  230.8 |
   Spider Nest |   1688 |   1499 |    189 |    122 |    624 |   4 |  422.0 |
  Orcish Mines |    969 |    903 |     66 |      0 |    532 |   2 |  484.5 |
        Depths |     76 |     68 |      8 |      0 |      7 |   3 |   25.3 |
       Ossuary |    175 |    175 |      0 |      0 |     76 |   1 |  175.0 |
        Bailey |    320 |    320 |      0 |      0 |     90 |   1 |  320.0 |
      Gauntlet |    152 |    152 |      0 |      0 |      0 |   1 |  152.0 |
               +--------+--------+--------+--------+--------+-----+--------+

Top non-repeatable levels by time:
    D:10: 898 daAuts
  Lair:3: 893 daAuts
   Orc:2: 878 daAuts
  Lair:4: 851 daAuts
  Lair:2: 843 daAuts
    D:11: 820 daAuts
     D:8: 762 daAuts
     D:4: 755 daAuts
    D:15: 748 daAuts
Spider:3: 679 daAuts
Shoals:4: 635 daAuts
    D:14: 631 daAuts
     D:5: 628 daAuts
     D:9: 605 daAuts
    D:13: 561 daAuts
